 Dungeon Crawl Stone Soup version 0.30-a0-371-gad7725a93e (webtiles) character file.

Game seed: 8844941393476182954

211 Twinkles the Shooter (level 5, -2/42 HPs)
             Began as a Demonspawn Hunter on Nov 23, 2022.
             Was an Initiate of Fedhas.
             Slain by an orc
             ... wielding a +0 dagger
              (4 damage)
             ... on level 4 of the Dungeon.
             The game lasted 00:09:33 (2894 turns).

Twinkles the Shooter (Demonspawn Hunter)            Turns: 2894, Time: 00:09:34

Health: -2/42      AC:  5    Str: 11    XL:     5   Next: 57%
Magic:  5/5        EV: 17    Int: 10    God:    Fedhas [......]
Gold:   134        SH:  0    Dex: 19    Spells: 4/4 levels left

rFire   + . .      SeeInvis .    a - +1 shortbow
rCold   . . .      Faith    .    (shield currently unavailable)
rNeg    . . .      Spirit   .    c - +0 leather armour
rPois   .          Reflect  .    (helmet restricted)
rElec   .          Harm     .    (no cloak)
rCorr   .          Rampage  .    p - +1 pair of gloves
Will    .....                    (no boots)
Stlth   ++........               (no amulet)
HPRegen 0.27/turn                d - ring of protection from fire
MPRegen 0.09/turn                g - +4 ring of evasion

@: no status effects
A: horns 2, demonic magic 1
a: Renounce Religion


You were on level 4 of the Dungeon.
You worshipped Fedhas.
Fedhas was noncommittal.
You visited 2 branches of the dungeon, and saw 5 of its levels.
You also visited: Sewer.

You collected 134 gold pieces.

Inventory:

Hand Weapons
 a - a +1 shortbow (weapon)
Missiles
 n - a throwing net
 u - 2 poisoned darts
Armour
 c - a +0 leather armour (worn)
 p - a +1 pair of gloves (worn)
Magical Staves
 s - a staff of air
Jewellery
 d - a ring of protection from fire (left hand)
 g - a +4 ring of evasion (right hand)
Scrolls
 b - a scroll of enchant weapon
 f - a scroll of enchant armour {unknown}
 h - a scroll of brand weapon {unknown}
 i - a scroll of teleportation {unknown}
 j - 4 scrolls of amnesia
 l - a scroll of vulnerability {unknown}
 o - a scroll of blinking {unknown}
 q - a scroll of magic mapping {unknown}
 v - a scroll of poison {unknown}
 x - a scroll of noise {unknown}
 E - 2 scrolls of fear
 K - a scroll of immolation
Potions
 e - a potion of mutation {unknown}
 t - a potion of magic {unknown}
 w - a potion of heal wounds {unknown}
 B - 2 potions of brilliance
 J - 3 potions of curing
 L - 2 potions of flight
 T - 2 potions of berserk rage


   Skills:
 + Level 3.7 Fighting
 + Level 4.6 Ranged Weapons
 + Level 3.3 Dodging
 - Level 0.8 Stealth
 + Level 0.9 Invocations


You had 4 spell levels left.
You didn't know any spells.
Your spell library contained the following spells:

 Spells                   Type           Power      Damage    Failure   Level
 Cigotuvi's Dreadful Rot  Necr/Pois/Air  0%         N/A       58%         2
 Poisonous Vapours        Pois/Air       0%         N/A       58%         2
 Call Canine Familiar     Summ           0%         N/A       83%         3
 Mephitic Cloud           Conj/Pois/Air  0%         N/A       83%         3
 Portal Projectile        Hex/Tloc       0%         N/A       83%         3
 Airstrike                Air            0%         2d(0-16)  99%         4
 Leda's Liquefaction      Hex/Erth       0%         N/A       99%         4
 Arcjolt                  Conj/Air       0%         1d10      100%        5
 Freezing Cloud           Conj/Ice/Air   0%         6-21      100%        5


Dungeon Overview and Level Annotations

Branches:
Dungeon (4/15) Zot: 21304  Temple (1/1) D:4 Zot: 5939   Sewer (visited)

Altars:
Ashenzari
Dithmenos
Fedhas
Gozag
Hepliaklqana
Makhleb
Nemelex Xobeh
Okawaru
Qazlal
Sif Muna
Trog
Uskayaw
Vehumet
Wu Jian
Xom
Yredelemnul

Annotations:
D:4 Robin


Innate Abilities, Weirdness & Mutations

You have a pair of horns on your head.
Spells you cast may paralyse adjacent enemies.


Message History

Moving in this stuff is going to be slow.
There is a collapsed entrance here.
You enter the shallow water.
Moving in this stuff is going to be slow.
A goblin is nearby!
You enter the shallow water.
Moving in this stuff is going to be slow.
An orc comes into view. It is wielding a +0 club.
An orc and an orc priest come into view.
The orc shouts!
The orc priest shouts!
You hear a shout!
An orc comes into view. It is wielding a +0 dagger.
The goblin shoots a sling bullet.
The sling bullet completely misses you. The orc hits you but does no damage.
The goblin shoots a sling bullet.
The sling bullet hits you but does no damage.
The orc priest mumbles some strange prayers to Beogh against you.
Pain shoots through your body!
* * * LOW HITPOINT WARNING * * *
The orc priest attacks as you move away!
The orc priest splashes around in the water.
The orc hits you but does no damage. The orc barely misses you.
The orc closely misses you. The orc misses you.
The orc priest looks encouraged for a moment.
The orc attacks as you move away! The orc closely misses you. x2
The orc attacks as you move away! The orc hits you but does no damage.
The orc attacks as you move away! The orc hits you with a +0 dagger.
* * * LOW HITPOINT WARNING * * *
The orc attacks as you move away! The orc barely misses you.
The orc attacks as you move away! The orc barely misses you.
The orc attacks as you move away! The orc hits you but does no damage.
The orc attacks as you move away! The orc closely misses you.
The orc attacks as you move away! The orc barely misses you.
The orc misses you. The orc attacks as you move away!
The orc hits you but does no damage.
The orc priest looks satisfied for a moment.
The orc priest mumbles some strange prayers to Beogh against you.
Beogh smites you!
* * * LOW HITPOINT WARNING * * *
The orc attacks as you move away! The orc hits you with a +0 dagger.
You die...
Fedhas appreciates your contribution to the ecosystem.

#####...###............##
#>........(..o..........#
####.#######o#.......~##.#####
#.......#o#......~~.###..~##
#######.#.#......~~~##~.g.~#
#.#o########~≈#≈~≈#≈~#
#.......# #~≈#≈.≈#≈~#
#####.###o# #~≈#≈.≈#≈.#
#...#...@.# #~≈#≈.≈#≈~#
#...#.#.###.##~≈#≈~≈#≈~#
######...#.....[.##~≈#≈~≈#≈.##
#...........[######.~g.~##g~#.
#.........######<###~..###~~~.
#................# ##### ##~..
#.........######## #...
#.........# #... ###########
#...


You could see an orc.

Vanquished Creatures
  A jelly (D:4)
  An iguana (D:4)
  A hell rat (Sewer)
  3 adders (D:3)
  A shadow imp (D:4)
  A worm (D:4)
  6 ball pythons
  4 bats (D:3)
  13 endoplasms
  9 giant cockroaches
  4 hobgoblins
  2 jackals (D:3)
  10 kobolds
  6 quokkas
  2 frilled lizards (D:1)
  14 goblins
  11 rats
89 creatures vanquished.

Notes
Turn   | Place    | Note
-------+----------+-------------------------------------------
     0 | D:1      | Twinkles the Demonspawn Hunter began the quest for the Orb.
     0 | D:1      | Reached XP level 1. HP: 16/16 MP: 1/1
   111 | D:1      | Discovered your monstrous ancestry.
   111 | D:1      | Gained mutation: You have a pair of small horns on your
                  | head. [demonic ancestry]
   111 | D:1      | Reached XP level 2. HP: 22/22 MP: 2/2
   599 | D:1      | Found a faded altar of an unknown god.
   913 | D:2      | Reached XP level 3. HP: 28/28 MP: 3/3
  1537 | D:3      | Reached skill level 4 in Ranged Weapons
  1595 | D:3      | Got Anosapan's Discourse on Conduction
  1750 | D:3      | Gained mutation: Spells you cast may paralyse adjacent
                  | enemies. [demonic ancestry]
  1750 | D:3      | Reached XP level 4. HP: 35/35 MP: 4/4
  2264 | D:4      | Found a glowing drain.
  2278 | Sewer    | Entered a sewer
  2287 | Sewer    | Gained mutation: You have a pair of horns on your head.
                  | [demonic ancestry]
  2287 | Sewer    | Reached XP level 5. HP: 41/41 MP: 5/5
  2329 | Sewer    | HP: 1/40 [hell rat (15)]
  2550 | D:4      | Found a staircase to the Ecumenical Temple.
  2561 | Temple   | Entered the Ecumenical Temple
  2610 | Temple   | Became a worshipper of Fedhas Madash
  2773 | D:4      | Noticed Robin
  2829 | D:4      | HP: 12/42 [goblin/sling bullet[Robin] (5)]
  2876 | D:4      | HP: 12/42 [orc priest/nerve-wracking pain (12)]
  2882 | D:4      | HP: 12/42 [orc/+0 dagger (2)]
  2888 | D:4      | HP: 1/42 [orc priest/divine providence (13)]
  2894 | D:4      | Slain by an orc

Illustrated notes

Levels and vault maps discovered:
D:1:      dpeg_arrival_court, layout_basic, basic_ecumenical_altar,
          minmay_crystal_room
D:2:      layout_loops_ring
D:3:      layout_basic
D:4:      layout_basic, minmay_temple_entry_tees, gup_sewer_entry_pipe,
          hangedman_decor_opposing, uniq_robin
Temple:   hellmonk_temple_of_storms

Skill      XL: |  1  2  3  4 |
---------------+-------------+-----
Dodging        | 2 3 |  3.3
Ranged Weapons | 4 |  4.6
Fighting       | 3 |  3.7
Stealth        | |  0.8
Invocations    | |  0.9

Action                   |  1- 3 |  4- 6 || total
-------------------------+-------+-------++-------
 Fire: Shortbow          |   133 |   141 ||   274
  Use: Scroll            |       |     7 ||     7
Armor: Leather armour    |    10 |    23 ||    33
Dodge: Dodged            |    58 |   109 ||   167

Table legend: (Time is in decaauts)
 A = Elapsed time spent in this place.
 B = Non-inter-level travel time spent in this place.
 C = Inter-level travel time spent in this place.
 D = Time resting spent in this place.
 E = Time spent auto-exploring this place.
 F = Levels seen in this place.
 G = Mean time per level.
                   A        B        C        D        E       F      G
               +--------+--------+--------+--------+--------+-----+--------+
         Total |   3019 |   2813 |    206 |      3 |   2021 |   6 |  503.2 |
       Dungeon |   2695 |   2514 |    181 |      3 |   1807 |   4 |  673.8 |
        Temple |     60 |     35 |     25 |      0 |     18 |   1 |   60.0 |
         Sewer |    262 |    262 |      0 |      0 |    196 |   1 |  262.0 |
               +--------+--------+--------+--------+--------+-----+--------+

Top non-repeatable levels by time:
     D:1: 807 daAuts
     D:2: 742 daAuts
     D:4: 578 daAuts
     D:3: 567 daAuts
   Sewer: 262 daAuts
  Temple: 60 daAuts
